 Dungeon Crawl Stone Soup version 0.22-a0-779-g6f83d72c62 (webtiles) character file.

2587 Htamos the Jinx (level 9, -2/69 HPs)
             Began as a Formicid Enchanter on July 19, 2018.
             Slain by a troll (6 damage)
             ... on level 7 of the Dungeon.
             The game lasted 00:28:07 (11124 turns).

Htamos the Jinx (Formicid Enchanter)               Turns: 11124, Time: 00:28:07

Health: -2/69      AC:  8    Str: 16    XL:     9   Next: 88%
Magic:  16/18      EV: 11    Int: 15    God:
Gold:   155        SH:  0    Dex: 11    Spells: 14/20 levels left

rFire    + . .     SeeInvis +   a - +3 dagger
rCold    . . .     Gourm    .   (no shield)
rNeg     . . .     Faith    .   y - +3 leather armour
rPois    .         Spirit   .   (helmet unavailable)
rElec    .         Reflect  .   m - +1 cloak
rCorr    .         Harm     .   (no gloves)
MR       .....                  (no boots)
Stlth    ++........             (no amulet)
HPRegen  0.21/turn              w - ring of protection from fire
MPRegen  0.16/turn              (no ring)

@: no status effects
A: permanent stasis, dig shafts and tunnels, four strong arms, antennae 3
a: Dig, Shaft Self


You were on level 7 of the Dungeon.
You were not hungry.

You visited 1 branch of the dungeon, and saw 7 of its levels.

You collected 155 gold pieces.

Inventory:

Hand Weapons
 a - a +3 dagger (weapon)
 x - the +4 long sword "Cyduppah" {slice, +Blink rPois MR- Str+6}
   (You found it on level 6 of the Dungeon)

   It inflicts extra damage upon your enemies.
   It affects your strength (+6).
   It protects you from poison.
   It affects your resistance to hostile enchantments.
   It lets you blink.
 B - a +0 rapier
Armour
 b - a +0 robe
 m - a +1 cloak (worn)
 n - a +0 ring mail
 o - a +0 plate armour
 p - a +0 scale mail
 y - a +3 leather armour (worn)
Magical Staves
 j - an uncursed staff of power
 u - an uncursed staff of poison
Jewellery
 w - a ring of protection from fire (left hand)
Wands
 v - a wand of digging (16)
Scrolls
 f - 5 scrolls of identify
 g - 2 scrolls of enchant armour
 k - a scroll of fog
 q - a scroll of amnesia
 t - 2 scrolls of remove curse
Potions
 c - a potion of heal wounds
 e - 2 potions of curing
 i - a potion of magic {unknown}
 l - 3 potions of cancellation {unknown}
 r - a potion of lignification {unknown}
 s - a potion of flight {unknown}
 z - a potion of degeneration {unknown}
 A - a potion of might {unknown}
Comestibles
 d - 2 rations
 h - 3 chunks of flesh


   Skills:
 + Level 6.0 Fighting
 + Level 5.6 Short Blades
 - Level 1.7 Dodging
 - Level 3.6 Stealth
 + Level 6.1 Spellcasting
 * Level 10.2 Hexes


You had 14 spell levels left.
You knew the following spells:

 Your Spells              Type           Power        Failure   Level  Hunger
a - Corona                Hex            #####..      1%          1    None
b - Ensorcelled Hibernat  Hex/Ice        ###...       3%          2    #......
c - Tukima's Dance        Hex            #####...     1%          3    ##.....

Your spell library contained the following spells:

 Spells                   Type           Power        Failure   Level  Hunger
 Apportation              Tloc           #.....       19%         1    None
 Confuse                  Hex            #####...     1%          3    ##.....
 Summon Small Mammal      Summ           #...         19%         1    None
 Animate Dead             Necr           N/A          87%         4    ####...
 Pain                     Necr           #...         19%         1    None
 Animate Skeleton         Necr           N/A          19%         1    None
 Vampiric Draining        Necr           #.........   47%         3    ##.....
 Regeneration             Chrm/Necr      #.........   47%         3    ##.....
 Confusing Touch          Hex            #####.       1%          1    None
 Dazzling Spray           Conj/Hex       ###...       7%          3    ##.....


Dungeon Overview and Level Annotations

Branches:
Dungeon (7/15)
 Temple: D:4-7

Altars:
The Shining One

Shops:
D:7 =


Innate Abilities, Weirdness & Mutations

You cannot be hasted, slowed, berserked, paralysed or teleported.
You can dig through walls and to a lower floor.
Your four strong arms can wield two-handed weapons with a shield.
You have a pair of large antennae on your head. (SInv)


Message History

an uncursed quarterstaff; an uncursed hunting sling; 8 sling bullets a ring mail; a hand axe The helpless troll fails to defend itself.
You impale the troll!!
The troll is severely wounded.
The troll bites you!
* * * LOW HITPOINT WARNING * * *
The troll claws you but does no damage. The troll claws you.
* * * LOW HITPOINT WARNING * * *
You see here a sling bullet.
Items here: ( ))) [ an uncursed quarterstaff; an uncursed hunting sling; 8 sling bullets a ring mail; a hand axe You see here a sling bullet.
The troll bites you!
* * * LOW HITPOINT WARNING * * *
The troll claws you!
* * * LOW HITPOINT WARNING * * *
The troll claws you.
You die...

#.# ....... #.#
.......# #.#
......# #.#
.....# #.#
#.... #.#
.###...# #.#
(......#####.#
#.....@)<#
######..##T##(#
.........)....#
#######)#####.#
#.## #.# #..#
#.#
############
##.# #.#
#...{..h[...
#.## #.#
#.##########
#..# #.# #.#


You could see a troll.

Vanquished Creatures
  Joseph (D:7)
  3 sky beasts
  An ice beast (D:6)
  2 orc warriors
  A black bear (D:6)
  A phantom (D:4)
  An ogre (D:6)
  2 centaurs
  3 bullfrogs (D:6)
  A wyvern zombie (D:7)
  A water moccasin zombie (D:7)
  3 howler monkeys (D:7)
  3 crimson imps
  A bullfrog zombie (D:5)
  A hound (D:5)
  3 centaur skeletons
  A gnoll shaman (D:3)
  3 iguanas
  5 orc wizards
  3 worker ants
  A hound zombie (D:5)
  2 hound skeletons (D:7)
  6 gnolls
  6 adders
  2 oozes
  5 worms
  A dart slug (D:1)
  6 leopard geckos
  20 orcs
  2 giant cockroaches
  7 goblins
  5 hobgoblins
  6 jackals
  2 quokkas
  4 ball pythons
  4 bats
  3 frilled lizards
  5 kobolds
  A quokka zombie (D:6)
  6 rats
134 creatures vanquished.

Notes
Turn   | Place    | Note
-------+----------+-------------------------------------------
     0 | D:1      | Htamos the Formicid Enchanter began the quest for the Orb.
     0 | D:1      | Reached XP level 1. HP: 13/13 MP: 3/3
    14 | D:1      | You fall through a shaft!
   326 | D:1      | Reached XP level 2. HP: 17/20 MP: 1/5
   414 | D:1      | Reached skill level 4 in Hexes
   420 | D:1      | Learned a level 2 spell: Ensorcelled Hibernation
  1049 | D:1      | Reached XP level 3. HP: 25/25 MP: 3/6
  1273 | D:2      | Reached skill level 1 in Fighting
  2052 | D:2      | Reached XP level 4. HP: 32/32 MP: 4/7
  2961 | D:3      | Learned a level 3 spell: Tukima's Dance
  3080 | D:3      | Found a glowing golden altar of the Shining One.
  3106 | D:3      | Reached XP level 5. HP: 38/38 MP: 1/9
  3401 | D:3      | Reached skill level 5 in Hexes
  4424 | D:4      | Reached XP level 6. HP: 44/44 MP: 7/10
  4812 | D:4      | Noticed a phantom
  4860 | D:4      | Killed a phantom
  4860 | D:4      | Reached skill level 6 in Hexes
  5157 | D:4      | Reached XP level 7. HP: 42/51 MP: 7/12
  5421 | D:3      | You fall through a shaft for 3 floors!
  5766 | D:6      | Reached skill level 7 in Hexes
  5977 | D:6      | Reached XP level 8. HP: 60/60 MP: 9/14
  6292 | D:5      | Entered Level 5 of the Dungeon
  6506 | D:6      | Reached skill level 8 in Hexes
  7248 | D:5      | Reached skill level 5 in Spellcasting
  7499 | D:5      | Reached XP level 9. HP: 53/67 MP: 10/16
  7958 | D:6      | Got a crystal long sword
  8063 | D:6      | Identified the +4 long sword "Cyduppah" {slice, +Blink rPois MR- Str+6} (You found it on level 6 of the Dungeon)
  8233 | D:6      | Reached skill level 5 in Fighting
  8233 | D:6      | Reached skill level 9 in Hexes
  8368 | D:7      | Found Opny's Jewellery Shoppe.
  8368 | D:7      | Noticed a troll
  8576 | D:7      | Reached skill level 5 in Short Blades
 10096 | D:7      | Noticed Joseph
 10804 | D:7      | Killed Joseph
 10804 | D:7      | Reached skill level 10 in Hexes
 11124 | D:7      | Slain by a troll

Vault maps used:
D:1:      grunt_arrival_crossed_arrows
D:3:      minmay_misc_feat_encased, tso_metal_star
D:5:      lemuel_castle_with_subvaults, first_ration, uniq_crazy_yiuf_cottage
D:6:      minmay_misc_feat_plants, minmay_misc_feat_iff, abandoned_shop
D:7:      kennysheep_little_box, temple_fountains, serial_shops,
          nicolae_shop_stone, grunt_ogre_cave, uniq_joseph

Skill      XL: |  1  2  3  4  5  6  7  8  9 |
---------------+----------------------------+-----
Hexes          | 4 5 6 7 8 10 | 10.2
Fighting       | 1 2 3 4 6 |  6.0
Short Blades   | 2 3 4 5 |  5.6
Spellcasting   | 3 4 5 6 |  6.1
Dodging        | |  1.7
Stealth        | |  3.6

Action                   |  1- 3 |  4- 6 |  7- 9 || total
-------------------------+-------+-------+-------++-------
Melee: Dagger            |    86 |   187 |   188 ||   461
       Staff             |       |       |     9 ||     9
       Long sword        |       |       |    67 ||    67
 Cast: Corona            |    10 |     5 |     1 ||    16
       Ensorcelled Hiber |    25 |    51 |    98 ||   174
 Abil: Dig               |       |       |     4 ||     4
  Use: Scroll            |       |     8 |     3 ||    11
       Potion            |       |     1 |     4 ||     5
 Stab: Sleeping          |    13 |    29 |    45 ||    87
  Eat: Chunk             |     5 |    15 |    12 ||    32
       Ration            |       |       |     3 ||     3
Armor: Robe              |    11 |       |       ||    11
       Ring mail         |       |    65 |    25 ||    90
       Scale mail        |       |       |    41 ||    41
       Leather armour    |       |       |    45 ||    45
Dodge: Dodged            |    50 |   118 |   162 ||   330
       Rpst.: Long sword |       |       |    15 ||    15

Table legend:
 A = Spawn XP
 B = Non-spawn XP
 C = Spawn XP percentage of total XP
 D = Spawn monster count
 E = Non-spawn monster count
 F = Spawn count percentage of total count
 G = Total turns spent on level
                    A         B        C        D         E        F      G
               +---------+---------+-------+---------+---------+-------+---------
         Total |       0 |    3696 |   0.0 |       0 |     134 |   0.0 | 11124
               +---------+---------+-------+---------+---------+-------+---------
           D:1 |       0 |      35 |   0.0 |       0 |      15 |   0.0 |  1415
           D:2 |       0 |      69 |   0.0 |       0 |      20 |   0.0 |  1404
           D:3 |       0 |     125 |   0.0 |       0 |      25 |   0.0 |  1582
           D:4 |       0 |     356 |   0.0 |       0 |      15 |   0.0 |  1020
           D:5 |       0 |     277 |   0.0 |       0 |      13 |   0.0 |   380
           D:6 |       0 |    1479 |   0.0 |       0 |      27 |   0.0 |  4611
           D:7 |       0 |    1355 |   0.0 |       0 |      19 |   0.0 |   712
               +---------+---------+-------+---------+---------+-------+---------
